 Dungeon Crawl Stone Soup version 0.26.0-10-g1f06aea511 (webtiles) character file.

Game seed: 1089780419501683946

184 Amaterasu the Chopper (level 5, -10/41 HPs)
             Began as a Demonspawn Fighter on Jan 30, 2021.
             Mangled by an ogre
             ... wielding a +0 giant club
              (20 damage)
             ... on level 4 of the Dungeon.
             The game lasted 00:03:05 (2513 turns).

Amaterasu the Chopper (Demonspawn Fighter)          Turns: 2513, Time: 00:03:05

Health: -10/41     AC:  8    Str: 18    XL:     5   Next: 36%
Magic:  0/5        EV:  7    Int: 15    God:
Gold:   127        SH:  9    Dex: 12    Spells: 4/4 levels left

rFire    . . .     SeeInvis .   a - +1 war axe
rCold    + . .     Faith    .   c - +0 kite shield
rNeg     . . .     Spirit   +   b - +0 scale mail
rPois    .         Reflect  .   (no helmet)
rElec    .         Harm     .   (no cloak)
rCorr    .         Rampage  .   r - +1 pair of gloves
Will     .....                  (no boots)
Stlth    ..........             (no amulet)
HPRegen  0.13/turn              g - ring of protection from cold
MPRegen  0.09/turn              p - +6 ring of intelligence

@: no status effects
A: hooves 1, magic shield, miasma immunity
a: no special abilities


You were on level 4 of the Dungeon.
You visited 1 branch of the dungeon, and saw 4 of its levels.

You collected 127 gold pieces.

Inventory:

Hand Weapons
 a - a +1 war axe (weapon)
Missiles
 m - 2 javelins (quivered)
Armour
 b - a +0 scale mail (worn)
 c - a +0 kite shield (worn)
 i - a +0 tower shield
 k - a +0 chain mail
 r - a +1 pair of gloves (worn)
Jewellery
 g - a ring of protection from cold (left hand)
 p - a +6 ring of intelligence (right hand)
Wands
 q - a wand of iceblast (6)
Scrolls
 e - a scroll of blinking
 o - a scroll of enchant armour
Potions
 d - a potion of might
 f - a potion of mutation {unknown}
 h - 2 potions of heal wounds {unknown}
 j - a potion of haste {unknown}
 l - 2 potions of curing {unknown}
 n - a potion of resistance {unknown}
 s - a potion of attraction {unknown}
 t - a potion of invisibility {unknown}
 u - a potion of ambrosia {unknown}


   Skills:
 * Level 3.0 Fighting
 - Level 5.0 Axes
 * Level 2.8 Armour
 * Level 2.8 Shields


You had 4 spell levels left.
You didn't know any spells.
Your spell library was empty.

Dungeon Overview and Level Annotations

Branches:
Dungeon (4/15)
 Temple: D:4-7

Altars:
Fedhas
Okawaru


Innate Abilities, Weirdness & Mutations

You have large cloven feet.
When hurt, damage is shared between your health and your magic reserves.
You are immune to miasma.


Message History

You are too injured to fight recklessly!
You are too injured to fight recklessly!
You are too injured to fight recklessly!
You are too injured to fight recklessly!
You are too injured to fight recklessly!
You are too injured to fight recklessly!
You are too injured to fight recklessly!
You are too injured to fight recklessly!
You are too injured to fight recklessly!
You are too injured to fight recklessly!
You are too injured to fight recklessly!
You barely miss the ogre.
The ogre is lightly wounded.
You closely miss the hound skeleton. You block the ogre's attack.
The hound skeleton bites you but does no damage. x2
You hit the ogre. You kick the ogre.
The ogre is moderately wounded.
You hit the hound skeleton.
The ogre hits you with a +0 giant club!!
You die...

#.###....#
#........# .
####.###.###. #
####.# #.##.. .#
#....# #.##.###.#
#.#### #.##..#..#
#.# #.##....##.#
#.# #.##Z†......
#.######.##@#####.
#..........O......#
#######.###.#######
#.# #.# #.# #.# #.#
#.# #.# #.# #.. ..#
### ..


You could see an ogre and a hound skeleton.

Vanquished Creatures
  A bullfrog skeleton (D:2)
  7 adders
  2 oozes
  A worm (D:3)
  2 dart slugs
  2 leopard geckos (D:3)
  An orc (D:3)
  10 bats
  3 giant cockroaches
  12 goblins
  3 hobgoblins
  6 jackals
  5 kobolds
  A quokka (D:3)
  A ball python (D:2)
  5 frilled lizards
  A quokka skeleton (D:4)
  11 rats
74 creatures vanquished.

Notes
Turn   | Place    | Note
-------+----------+-------------------------------------------
     0 | D:1      | Amaterasu the Demonspawn Fighter began the quest for the
                  | Orb.
     0 | D:1      | Reached XP level 1. HP: 18/18 MP: 1/1
    52 | D:1      | Reached skill level 2 in Axes
   111 | D:1      | Gained mutation: When hurt, damage is shared between your
                  | health and your magic reserves. [demonic ancestry]
   111 | D:1      | Reached XP level 2. HP: 20/24 MP: 2/2
   436 | D:1      | Reached skill level 3 in Axes
   501 | D:1      | Reached XP level 3. HP: 29/29 MP: 3/3
   962 | D:2      | Reached skill level 4 in Axes
   962 | D:2      | Gained mutation: You have large cloven feet. [demonic
                  | ancestry]
   962 | D:2      | Reached XP level 4. HP: 22/35 MP: 4/4
  1713 | D:3      | Gained mutation: You are immune to miasma. [demonic
                  | ancestry]
  1713 | D:3      | Reached XP level 5. HP: 34/41 MP: 3/5
  1876 | D:3      | Found an iron altar of Okawaru.
  1984 | D:3      | Reached skill level 5 in Axes
  2468 | D:4      | Found a blossoming altar of Fedhas.
  2505 | D:4      | Noticed an ogre
  2513 | D:4      | Mangled by an ogre

Illustrated notes

Levels and vault maps discovered:
D:1:      nzn_arrival_depleted_hourglass, layout_rooms
D:2:      layout_loops_ring, minmay_distorted
D:3:      layout_rooms, okawaru_trees_2, kennysheep_nub
D:4:      layout_loops_ring, nicolae_overflow_hidden_temple, fedhas_altar_2,
          ebering_ghost_rock_garden, minmay_joined_circles

Skill      XL: |  1  2  3  4  5 |
---------------+----------------+-----
Axes           | 2 3 4 5 |  5.0
Fighting       | |  3.0
Armour         | |  2.8
Shields        | |  2.8

Action                   |  1- 3 |  4- 6 || total
-------------------------+-------+-------++-------
Melee: War axe           |   117 |   102 ||   219
       Kick              |       |    22 ||    22
  Use: Scroll            |     3 |     3 ||     6
Armor: Scale mail        |    68 |    56 ||   124
Dodge: Dodged            |    34 |    31 ||    65
Block: Kite shield       |    59 |    51 ||   110
